 Dungeon Crawl Stone Soup version 0.31-a0-986-g5e6e4ef867 (webtiles) character file.

Game seed: 13711866148906571729

1458 pokeman the Thaumaturge (level 8, -3/38 (45) HPs)
             Began as a Deep Elf Hedge Wizard on Nov 19, 2023.
             Was a Follower of Vehumet.
             Slain by an ogre
             ... wielding a +0 giant spiked club
              (29 damage)
             ... on level 6 of the Dungeon on Nov 20, 2023.
             The game lasted 00:14:23 (6562 turns).

pokeman the Thaumaturge (Deep Elf Hedge Wizard)     Turns: 6562, Time: 00:14:24

HP:   -3/38 (45)    AC:  4    Str:  7    XL:     8   Next: 47%
MP:   21/23         EV: 13    Int: 22    God:    Vehumet [*.....]
Gold: 540           SH:  0    Dex: 14    Spells: 18/26 levels left

rFire   . . .        j - +2 dagger (pain)
rCold   . . .        (no shield)
rNeg    . . .        b - +0 robe
rPois   +            v - +0 helmet
rElec   .            F - +0 cloak
rCorr   .            (no gloves)
SInv    .            (no boots)
Will    .....        c - amulet of magic regeneration
Stlth   ++           I - ring of poison resistance
HPRegen 0.26/turn    (no ring)
MPRegen 0.58/turn

%: no passive effects
@: heavily drained
A: no striking features
a: Renounce Religion


You were on level 6 of the Dungeon.
You worshipped Vehumet.
Vehumet was aware of your devotion.
You visited 2 branches of the dungeon, and saw 7 of its levels.
You also visited: Ossuary.

You collected 540 gold pieces.

Inventory:

Hand Weapons
 j - a +2 dagger of pain (weapon)
Missiles
 e - a throwing net
Armour
 b - a +0 robe (worn)
 v - a +0 helmet (worn)
 F - a +0 cloak (worn)
Jewellery
 c - an amulet of magic regeneration (around neck)
 I - a ring of poison resistance (left hand)
Wands
 z - a wand of paralysis (10)
 E - a wand of roots (8)
 H - a wand of digging (5)
Scrolls
 a - 4 scrolls of fog {unknown}
 k - 3 scrolls of torment {unknown}
 n - a scroll of immolation {unknown}
 q - 2 scrolls of identify {unknown}
 r - 2 scrolls of fear {unknown}
 s - a scroll of vulnerability {unknown}
 t - 8 scrolls of teleportation {unknown}
 u - a scroll of amnesia {unknown}
 x - 7 scrolls of noise
 y - a scroll of silence {unknown}
 C - 3 scrolls of blinking {unknown}
 J - 2 scrolls of butterflies {unknown}
 K - a scroll of enchant armour {unknown}
 L - a scroll of enchant weapon {unknown}
Potions
 d - 2 potions of magic
 f - 3 potions of cancellation {unknown}
 g - 2 potions of resistance {unknown}
 h - 4 potions of ambrosia {unknown}
 i - 3 potions of lignification {unknown}
 l - 3 potions of mutation
 m - 2 potions of haste {unknown}
 o - a potion of berserk rage {unknown}
 p - 2 potions of attraction {unknown}
 w - 5 potions of brilliance {unknown}
 A - 2 potions of enlightenment {unknown}
 B - 3 potions of might {unknown}
 D - 3 potions of curing {unknown}
 G - 3 potions of degeneration


   Skills:
 - Level 2.5 Fighting
 + Level 1.3 Armour
 - Level 3.1 Dodging
 - Level 3.3 Stealth
 - Level 1.0 Shields
 * Level 9.7 Spellcasting
 + Level 5.2 Conjurations
 - Level 1.1 Summonings
 + Level 3.8 Necromancy
 - Level 1.1 Translocations
 - Level 1.0 Air Magic
 - Level 1.0 Poison Magic
 - Level 2.0 Evocations


You had 18 spell levels left.
You knew the following spells:

 Your Spells              Type           Power      Damage    Failure   Level
a - Magic Dart            Conj           100%       1d8       1%          1
b - Mephitic Cloud        Conj/Pois/Air  21%        N/A       7%          3
c - Call Imp              Summ           30%        N/A       6%          2
d - Blink                 Tloc           30%        N/A       6%          2

Your spell library contained the following spells:

 Spells                   Type           Power      Damage    Failure   Level
 Sandblast                Erth           20%        2d7       6%          1
 Searing Ray              Conj           66%        2d6       1%          2
 Cigotuvi's Dreadful Rot  Necr/Pois/Air  38%        N/A       4%          2
 Slow                     Hex            40%        N/A       6%          1
 Fulminant Prism          Conj/Hex       11%        3d9       22%         4


Dungeon Overview and Level Annotations

Branches:
Dungeon (6/15)             Temple (1/1) D:4         Ossuary (visited)

Altars:
Ashenzari
Cheibriados
Elyvilon
Fedhas
Gozag
Hepliaklqana
Makhleb
Nemelex Xobeh
Okawaru
Qazlal
Ru
Sif Muna
Trog
Uskayaw
Vehumet
Wu Jian
Xom
Yredelemnul
Zin
The Shining One

Shops:
D:5 :


Message History

Casting: Magic Dart (safe; 1% risk of failure)
Confirm with . or Enter, or press ? or * to list all spells.
Aiming: Magic Dart (safe; 1% risk of failure)
Press: ? - help, Shift-Dir - straight line, f/p - ogre
Aim: an ogre, wielding a +0 giant spiked club (moderately wounded, 100% to hit)
The magic dart hits the ogre.
The ogre is moderately wounded.
Unknown command.
Casting: Magic Dart (safe; 1% risk of failure)
Confirm with . or Enter, or press ? or * to list all spells.
Aiming: Mephitic Cloud (dangerous; 7% risk of failure)
Press: ? - help, Shift-Dir - straight line, p - ogre The ball explodes into a vile cloud!
The stinking cloud engulfs the ogre but does no damage.
The ogre is moderately wounded.
The ogre is engulfed in noxious fumes.
The ogre appears confused.
Unknown command.
Unknown command.
Casting: Mephitic Cloud (dangerous; 7% risk of failure)
Confirm with . or Enter, or press ? or * to list all spells.
Aiming: Magic Dart (safe; 1% risk of failure)
Press: ? - help, Shift-Dir - straight line, f - ogre
Aim: an ogre, wielding a +0 giant spiked club (noxious fumes, moderately wounded, confused, 100% to hit)
The magic dart hits the ogre.
The ogre is heavily wounded.
The ogre is engulfed in noxious fumes.
The ogre appears confused.
You hit the ogre.
The ogre is heavily wounded.
The ogre is engulfed in noxious fumes.
The ogre appears confused.
The ogre misses you.
You hit the ogre.
The ogre writhes in agony.
The ogre is severely wounded.
You hit the ogre.
The ogre writhes in agony.
The ogre is almost dead.
The ogre hits you with a +0 giant spiked club!
You hit the ogre.
The ogre is almost dead.
The ogre hits you with a +0 giant spiked club!!
Ouch! That really hurt!
You die...

..#.....##...............#.# .. #
..#.....###.####.#...##....######
..####.####.# #.#...##..........
.........##.# #.#...##......####
.........##.# #.#...##......#
.........##.# #.#...##......#
##.......##.# #.# ...##.....#
#.......##.####.####.##.....# #
#.....####.##..@O°..........# ##
##.....# #.##.####.####.....###.
.......# #.##.#.......#.....##).
.......####....#.......#......'..
.......#.......#.(.....#..##..'..
.......#....##.^..._...#.######..
.......#.......#.......#.# ##.
.......##...##.#.......#.# ##
..<...........)#.......#.########


You could see an ogre (confused).

Vanquished Creatures
  Sigmund (D:4)
  An orc warrior (D:6)
  An ogre (D:5)
  A kobold brigand (D:5)
  4 scorpions
  A howler monkey (D:5)
  A centaur zombie (Ossuary)
  2 human zombies (Ossuary)
  5 hounds
  4 jellies
  3 iguanas
  3 orc wizards
  A scorpion zombie (D:5)
  A hound zombie (D:5)
  3 mummies (Ossuary)
  6 adders
  A shadow imp (D:6)
  2 white imps
  2 ufetubi (D:6)
  A dart slug (D:1)
  10 orcs
  2 endoplasms (D:1)
  A gnoll zombie (Ossuary)
  8 goblins
  11 hobgoblins
  3 jackals (D:1)
  5 quokkas
  6 ball pythons
  5 bats
  7 frilled lizards
  A goblin zombie (Ossuary)
  A hobgoblin zombie (Ossuary)
  9 kobolds
  2 kobold zombies (Ossuary)
  2 rats
  2 rat zombies (D:6)
119 creatures vanquished.

Vanquished Creatures (collateral kills)
  A sleepcap (D:6)
1 creature vanquished.

Grand Total: 120 creatures vanquished

Notes
Turn   | Place    | Note
-------+----------+-------------------------------------------
     0 | D:1      | pokeman the Deep Elf Hedge Wizard began the quest for the
                  | Orb.
     0 | D:1      | Reached XP level 1. HP: 10/10 MP: 7/7
   451 | D:1      | Reached XP level 2. HP: 12/16 MP: 5/9
   947 | D:1      | Found a faded altar of an unknown god.
   982 | D:1      | Reached skill level 5 in Spellcasting
  1248 | D:2      | Reached XP level 3. HP: 14/20 MP: 2/11
  1252 | D:2      | Learned a level 3 spell: Mephitic Cloud
  1255 | D:2      | Learned a level 2 spell: Call Imp
  1258 | D:2      | Learned a level 2 spell: Blink
  1573 | D:2      | Reached skill level 1 in Fighting
  1915 | D:2      | Reached skill level 1 in Armour
  2428 | D:3      | Found a white marble altar of Elyvilon.
  2688 | D:3      | Reached XP level 4. HP: 25/25 MP: 11/13
  3238 | D:3      | Found an ornate altar of the Wu Jian Council.
  3376 | D:4      | Noticed a scorpion
  3386 | D:4      | Killed a scorpion
  3387 | D:4      | Reached skill level 1 in Shields
  3387 | D:4      | Reached skill level 6 in Spellcasting
  3387 | D:4      | Reached XP level 5. HP: 24/29 MP: 13/15
  3650 | D:4      | Noticed Sigmund
  3662 | D:4      | Killed Sigmund
  3663 | D:4      | Reached skill level 7 in Spellcasting
  3663 | D:4      | Reached skill level 1 in Evocations
  3663 | D:4      | Reached XP level 6. HP: 21/34 MP: 15/18
  3663 | D:4      | Found a staircase to the Ecumenical Temple.
  3737 | Temple   | Entered the Ecumenical Temple
  3776 | Temple   | Became a worshipper of Vehumet
  4240 | D:5      | Entered Level 5 of the Dungeon
  4274 | D:5      | Reached skill level 1 in Necromancy
  4300 | D:5      | Found Zamux's Book Shoppe.
  4330 | D:5      | Reached skill level 1 in Poison Magic
  4330 | D:5      | Reached XP level 7. HP: 38/38 MP: 16/20
  4344 | D:5      | Reached skill level 1 in Air Magic
  4462 | D:5      | Found a basalt altar of Yredelemnul.
  4517 | D:5      | Found a sacrificial altar of Ru.
  4529 | D:5      | Reached skill level 8 in Spellcasting
  5558 | D:6      | Found a sand-covered staircase.
  5565 | Ossuary  | Entered an ossuary
  5617 | Ossuary  | Reached * piety under Vehumet
  5617 | Ossuary  | Offered knowledge of Sandblast by Vehumet.
  5637 | Ossuary  | Reached XP level 8. HP: 30/44 MP: 22/22
  5910 | Ossuary  | Reached skill level 9 in Spellcasting
  6092 | D:6      | Found a broken altar of Ashenzari.
  6195 | D:6      | Reached skill level 5 in Conjurations
  6562 | D:6      | Slain by an ogre

Illustrated notes

Levels and vault maps discovered:
D:1:      sevenhm_arrival_forest_fort_large_4, layout_loops_ring,
          dilly_ecumenical_altar_fadedgnrine
D:2:      layout_basic
D:3:      layout_loops_corners, lemuel_coloured_pillars_altar, elyvilon_altar_3
D:4:      layout_gridville, minmay_temple_entry_butterflies, nrook_mini_vaults,
          minivault_1, uniq_sigmund
D:5:      layout_basic, nicolae_ru_great_annihilating_truth,
          lemuel_zombie_altar_yredelemnul, serial_shops, shop,
          minmay_misc_feat_x, patterned_corridor
D:6:      minmay_polygon_palace, layout_basic, lemuel_tele_altar,
          enter_ossuary_4
Temple:   regret_index_temple_generic_petals

Skill      XL: |  1  2  3  4  5  6  7  8 |
---------------+-------------------------+-----
Spellcasting   | 5 6 7 8 9 |  9.7
Fighting       | 1 2 |  2.5
Armour         | 1 |  1.3
Conjurations   | 2 3 4 5 |  5.2
Dodging        | 3 |  3.1
Shields        | 1 |  1.0
Stealth        | 3 |  3.3
Evocations     | 1 2 |  2.0
Necromancy     | 1 2 3 |  3.8
Poison Magic   | 1 |  1.0
Air Magic      | 1 |  1.0
Summonings     | |  1.1
Translocations | |  1.1

Action                     |  1- 3 |  4- 6 |  7- 9 || total
---------------------------+-------+-------+-------++-------
  Melee: Dagger            |    18 |    15 |    97 ||   130
         Punch             |     1 |       |     3 ||     4
   Cast: Magic Dart        |    98 |    66 |   182 ||   346
         Mephitic Cloud    |       |     5 |    13 ||    18
         Call Imp          |       |       |     3 ||     3
         Blink             |       |       |     2 ||     2
   Stab: Sleeping          |     2 |       |     4 ||     6
         Confused          |       |     5 |    12 ||    17
 Armour: Robe              |    19 |    11 |    53 ||    83
  Dodge: Dodged            |    20 |     9 |    75 ||   104

Table legend: (Time is in decaauts)
 A = Elapsed time spent in this place.
 B = Non-inter-level travel time spent in this place.
 C = Inter-level travel time spent in this place.
 D = Time resting spent in this place.
 E = Time spent auto-exploring this place.
 F = Levels seen in this place.
 G = Mean time per level.
                   A        B        C        D        E       F      G
               +--------+--------+--------+--------+--------+-----+--------+
         Total |   6560 |   6259 |    301 |     94 |   5095 |   8 |  820.0 |
       Dungeon |   6057 |   5832 |    225 |     83 |   4835 |   6 | 1009.5 |
        Temple |     78 |      2 |     76 |      0 |      0 |   1 |   78.0 |
       Ossuary |    424 |    424 |      0 |     11 |    260 |   1 |  424.0 |
               +--------+--------+--------+--------+--------+-----+--------+

Top non-repeatable levels by time:
     D:5: 1316 daAuts
     D:1: 1174 daAuts
     D:2: 1091 daAuts
     D:3: 1000 daAuts
     D:4: 893 daAuts
     D:6: 580 daAuts
 Ossuary: 424 daAuts
  Temple: 78 daAuts
